 Dungeon Crawl Stone Soup version 0.20.1-1-g8b1a95d (webtiles) character file.

70485 juanjsm the Covert (level 14, -8/114 HPs)
             Began as a Spriggan Enchanter on Dec 18, 2017.
             Was the Champion of Okawaru.
             Killed from afar by a tengu reaver (49 damage)
             ... with a bolt of lightning
             ... on level 12 of the Dungeon on Dec 26, 2017.
             The game lasted 03:13:21 (21605 turns).

juanjsm the Covert (Spriggan Enchanter)            Turns: 21605, Time: 03:13:21

Health: -8/114     AC: 17    Str: 15    XL:     14   Next: 94%
Magic:  3/31       EV: 36    Int: 22    God:    Okawaru [******]
Gold:   189        SH:  0    Dex: 22    Spells: 11/37 levels left

rFire    + + .     SeeInvis +   R - +2 dagger (protect)
rCold    . . .     Gourm    .   (shield restricted)
rNeg     + . .     Faith    .   y - +2 robe "Louges" {rN+ Str+3}
rPois    .         Spirit   .   c - +2 hat
rElec    .         Reflect  .   D - +0 cloak "Kemnythroega" {rF+ Str+3 Dex+4}
rCorr    .         Harm     .   (gloves unavailable)
MR       +++..     Clarity  +   (boots unavailable)
Stlth    ..........             i - amulet of magic regeneration
Regen    0.3/turn               X - ring of protection from magic
MPRegen  0.4/turn               L - +3 ring of evasion

@: berserking, protection aura, studying Axes, very quick
A: unfitting armour, horns 1, rugged brown scales 1, thin metallic scales 1, see
invisible, clarity, clever 1, fire resistance 1, herbivore 3, speed 3, slow
metabolism 2
a: Heroism, Finesse, Renounce Religion


You were on level 12 of the Dungeon.
You worshipped Okawaru.
Okawaru was exalted by your worship.
You were full.

You visited 3 branches of the dungeon, and saw 19 of its levels.
You also visited: Sewer and Ice Cave.

You collected 1122 gold pieces.
You spent 933 gold pieces at shops.

Inventory:

Hand Weapons
 R - a +2 dagger of protection (weapon)
Missiles
 F - 2 throwing nets (quivered)
Armour
 a - +0 acid dragon scales
 c - a +2 hat (worn)
 l - a cursed +0 robe
 y - the +2 robe "Louges" (worn) {rN+ Str+3}
   (Okawaru gifted it to you on level 6 of the Lair of Beasts)

   It affects your strength (+3).
   It protects you from negative energy.
 D - the +0 cloak "Kemnythroega" (worn) {rF+ Str+3 Dex+4}
   (You found it on level 9 of the Dungeon)

   It affects your strength (+3).
   It affects your dexterity (+4).
   It protects you from fire.
 J - a +2 buckler
Jewellery
 f - a +4 ring of evasion
 i - an amulet of magic regeneration (around neck)
 o - an uncursed ring of wizardry
 L - a +3 ring of evasion (right hand)
 X - a ring of protection from magic (left hand)
Wands
 m - a wand of random effects (32/48)
Scrolls
 g - a scroll of identify
 j - 14 scrolls of teleportation
 v - 5 scrolls of fear
 P - 5 scrolls of blinking
 Y - 3 scrolls of fog
Potions
 b - 2 potions of berserk rage
 e - 2 potions of lignification
 u - 2 potions of flight
 x - 3 potions of brilliance
 A - 2 potions of heal wounds
 B - 8 potions of curing
 G - 3 potions of magic
 H - 4 potions of might
 I - 5 potions of haste
 K - 2 potions of resistance
 M - a potion of ambrosia
 W - 3 potions of agility
Books
 h - a manual of Axes
 k - a book of the Sky

   Spells                             Type                      Level
   a - Summon Lightning Spire         Summoning/Air                4
   b - Silence                        Hexes/Air                    5
   c - Deflect Missiles               Charms/Air                   6
   d - Conjure Ball Lightning         Conjuration/Air              6
   e - Tornado                        Air                          9
Comestibles
 d - 11 bread rations


   Skills:
 + Level 8.7 Fighting
 - Level 10.0 Short Blades
 + Level 14.1 Dodging
 + Level 14.8 Stealth
 * Level 7.0 Shields
 + Level 12.1 Spellcasting
 + Level 12.2 Hexes
 + Level 1.8 Transmutations
 * Level 2.9 Air Magic
 - Level 4.3 Invocations
 - Level 8.0 Evocations


You had 11 spell levels left.
You knew the following spells:

 Your Spells              Type           Power        Failure   Level  Hunger
a - Corona                Hex            ######.      1%          1    None
b - Ensorcelled Hibernat  Hex/Ice        #####.       1%          2    None
c - Confuse               Hex            ######..     1%          3    None
d - Dazzling Spray        Conj/Hex       #####.       1%          3    None
e - Fulminant Prism       Conj/Hex       #####.....   3%          4    None
f - Passwall              Tmut/Erth      ###.......   4%          2    None
g - Silence               Hex/Air        #####.....   6%          5    ####...
h - Deflect Missiles      Chrm/Air       ###.......   99%         6    #####..


Dungeon Overview and Level Annotations

Branches:
Dungeon (12/15)            Temple (1/1) D:4            Lair (6/6) D:11
 Shoals (0/4) Lair:2        Snake (0/4) Lair:4        Slime (0/5) Lair:6
    Orc (0/2) D:11

Altars:
Ashenzari
Cheibriados
Dithmenos
Elyvilon
Fedhas
Gozag
Hepliaklqana
Kikubaaqudgha
Makhleb
Nemelex Xobeh
Okawaru
Qazlal
Ru
Sif Muna
Trog
Uskayaw
Vehumet
Xom
Yredelemnul
Zin
The Shining One

Shops:
D:5 *   D:7 *   D:10 %=*!   D:12 :

Annotations:
Lair:2 exclusion: 2 oklob plants


Innate Abilities, Weirdness & Mutations

You are very small and have problems with some larger weapons.
You are too small for most types of armour.
You have supernaturally acute eyesight. (SInv)
You are a herbivore.
You cover ground extremely quickly.
You need consume almost no food.
You have a pair of small horns on your head.
You are partially covered in rugged brown scales. (AC +1, +3% HP)
You are partially covered in thin metallic scales. (AC +2)
You possess an exceptional clarity of mind.
Your mind is acute. (Int +2)
Your flesh is heat resistant. (rF+)


Message History

The tengu reaver seems to regain its courage.
You hit the deep elf annihilator.
The deep elf annihilator is lightly wounded.
You are too injured to fight recklessly!
You are too injured to fight recklessly!
You hit the deep elf annihilator but do no damage.
Your headbutt misses the deep elf annihilator.
The deep elf annihilator is lightly wounded.
The tengu reaver casts a spell.
The tengu reaver conjures a globe of magical energy!
A battlesphere comes into view.
You closely miss the deep elf annihilator.
You headbutt the deep elf annihilator, but do no damage.
The deep elf annihilator is lightly wounded.
The deep elf annihilator casts a spell.
The deep elf annihilator blinks!
You feel a strong urge to attack something.
The tengu reaver gestures at you while chanting.
The bolt of lightning hits you!
You die...

.....(....## #....#....[..(...#
........††.# #....#.....)))...#
#########..# #(...#......)....#
#########..# ##....#...........#
...).......# #.....#...........#
...†......## ##)))..#...........#
##############...)..#...........#
############..§.....#############
................@..##
..Q.......*........#
..........Q......e##
................###
#################


You could see a tengu reaver, a deep elf annihilator and a battlesphere.

Vanquished Creatures
  Gastronok (Lair:3)
  A reaper (IceCv)
  2 entropy weavers
  A fire dragon (D:12)
  9 hydras
  6 two-headed ogres
  3 death yaks
  A queen ant (Lair:6)
  A deep troll earth mage (D:12)
  A flayed ghost (D:12)
  2 skeletal warriors (D:12)
  An unseen horror (D:12)
  A glowing orange brain (D:9)
  4 lindwurms (Lair:4)
  3 cyclopes
  3 manticores (D:12)
  The ghost of Ymberto the Thaumaturge, a novice DEEE (D:7)
  2 ugly things (D:12)
  4 elephants (Lair:4)
  2 ice statues (IceCv)
  A centaur zombie (D:12)
  4 black mambas
  2 gargoyles
  A torpor snail (Lair:2)
  5 komodo dragons
  11 spiny frogs
  4 rime drakes
  8 ice devils (IceCv)
  A troll (D:8)
  5 blink frogs (Lair:6)
  6 polar bears
  A merfolk (Lair:2)
  A slime creature (D:12)
  15 hippogriffs
  3 hornets (Lair:6)
  Prince Ribbit (D:9)
  8 dream sheep
  2 shadows (D:12)
  A vampire (D:12)
  13 spriggans
  2 wraiths
  31 yaks
  3 wyverns
  7 basilisks
  Grum (D:9)
  A hungry ghost (D:10)
  The ghost of bmj180 the Cutter, an amateur HaFi (Sewer)
  4 nagas (Lair:4)
  22 soldier ants (Lair:6)
  2 acid dragons
  8 water moccasins
  4 porcupines
  2 black bears (Lair:6)
  7 orc warriors
  4 necrophages
  14 ice beasts
  7 sky beasts
  An eye of draining (D:9)
  20 wolves
  4 phantoms
  2 ogres
  4 boggarts
  13 centaurs
  9 crocodiles
  7 big kobolds
  A gnoll sergeant (D:12)
  13 bullfrogs
  A wyvern skeleton (D:12)
  A water moccasin skeleton (D:4)
  2 scorpions
  A hornet simulacrum (D:9)
  7 killer bees
  2 howler monkeys
  4 wights (D:9)
  11 electric eels
  7 crimson imps
  2 quasits
  2 bullfrog zombies
  12 hounds
  A centaur skeleton (D:7)
  8 jellies
  9 orc priests
  10 orc wizards
  A bullfrog skeleton (D:10)
  5 iguanas
  29 worker ants
  A bullfrog simulacrum (D:12)
  The ghost of letownia2 the Grave Robber, a weakling DDNe (D:4)
  2 hound skeletons
  A howler monkey zombie (D:5)
  2 worker ant zombies
  11 gnolls
  A howler monkey skeleton (D:8)
  A river rat (Sewer)
  18 adders
  2 shadow imps
  5 white imps (IceCv)
  7 ufetubi (IceCv)
  9 oozes
  An adder skeleton (D:5)
  5 worms
  3 dart slugs
  4 leopard geckos
  43 orcs
  5 ball pythons
  4 bats
  3 giant cockroaches
  13 goblins
  8 hobgoblins
  16 jackals
  6 quokkas
  2 frilled lizards
  A jackal skeleton (D:6)
  19 kobolds
  A leopard gecko zombie (D:6)
  2 quokka zombies
  7 rats
655 creatures vanquished.

Vanquished Creatures (others)
  A dream sheep (Lair:6)
  A soldier ant (Lair:6)
  A water moccasin (Lair:5)
  A quasit (D:9)
  4 white imps (IceCv)
  5 ufetubi (IceCv)
  A goblin (D:2)
  2 fulminant prisms
  22 fungi (Lair:6)
  17 plants
55 creatures vanquished.

Grand Total: 710 creatures vanquished

Notes
Turn   | Place    | Note
-------+----------+-------------------------------------------
     0 | D:1      | juanjsm the Spriggan Enchanter began the quest for the Orb.
     0 | D:1      | Reached XP level 1. HP: 9/9 MP: 5/5
   165 | D:1      | Reached XP level 2. HP: 10/13 MP: 6/6
   169 | D:1      | Learned a level 2 spell: Ensorcelled Hibernation
   656 | D:1      | Reached XP level 3. HP: 11/17 MP: 0/8
   784 | D:1      | Learned a level 3 spell: Confuse
   908 | D:2      | Reached skill level 5 in Stealth
   914 | D:2      | Reached skill level 1 in Fighting
  1006 | D:2      | Reached XP level 4. HP: 17/22 MP: 4/9
  1159 | D:2      | Learned a level 3 spell: Dazzling Spray
  1906 | D:3      | Found a burning altar of Makhleb.
  1920 | D:3      | Reached XP level 5. HP: 25/25 MP: 2/11
  2370 | D:4      | Noticed a phantom
  2395 | D:4      | Found a staircase to the Ecumenical Temple.
  2402 | Temple   | Entered the Ecumenical Temple
  2748 | D:4      | Found a glowing drain.
  2899 | Sewer    | Entered a sewer
  2903 | Sewer    | Noticed bmj180's ghost (amateur HaFi)
  2976 | Sewer    | Reached XP level 6. HP: 25/30 MP: 1/13
  3329 | Sewer    | Reached skill level 5 in Dodging
  3329 | Sewer    | Reached skill level 5 in Hexes
  3408 | Sewer    | Reached XP level 7. HP: 21/35 MP: 9/14
  3499 | Sewer    | Killed bmj180's ghost
  3833 | D:4      | Noticed letownia2's ghost (weakling DDNe)
  3838 | D:4      | Killed letownia2's ghost
  3981 | D:5      | Entered Level 5 of the Dungeon
  4027 | D:5      | Found Zeib's General Store.
  4034 | D:5      | Reached skill level 5 in Spellcasting
  4047 | D:5      | Bought a scroll of identify for 28 gold pieces
  4047 | D:5      | Bought a scroll of identify for 28 gold pieces
  4047 | D:5      | Bought a scroll of identify for 28 gold pieces
  4052 | D:5      | Gained mutation: You are dopey. (Int -2) [potion of mutation]
  4052 | D:5      | Gained mutation: You expend magic power (3 MP) to strengthen your wands. [potion of mutation]
  4052 | D:5      | Gained mutation: You are partially covered in icy blue scales. (AC +2) [potion of mutation]
  4053 | D:5      | Lost mutation: You expend magic power (3 MP) to strengthen your wands. [potion of mutation]
  4053 | D:5      | Lost mutation: You are dopey. (Int -2) [potion of mutation]
  4053 | D:5      | Lost mutation: You are partially covered in icy blue scales. (AC +2) [potion of mutation]
  4053 | D:5      | Gained mutation: You expend magic power (3 MP) to strengthen your wands. [potion of mutation]
  4053 | D:5      | Gained mutation: You are somewhat resistant to further mutation. [potion of mutation]
  4054 | D:5      | Lost mutation: You expend magic power (3 MP) to strengthen your wands. [potion of mutation]
  4054 | D:5      | Lost mutation: You are somewhat resistant to further mutation. [potion of mutation]
  4054 | D:5      | Gained mutation: You are frail. (-10% HP) [potion of mutation]
  4054 | D:5      | Gained mutation: Your flesh is heat resistant. (rF+) [potion of mutation]
  4054 | D:5      | Gained mutation: You are partially covered in thin metallic scales. (AC +2) [potion of mutation]
  4155 | D:5      | Reached XP level 8. HP: 35/35 MP: 6/17
  4431 | D:6      | Found a shattered altar of Ashenzari.
  4758 | D:6      | Found an iron altar of Okawaru.
  4766 | D:6      | Became a worshipper of Warmaster Okawaru
  5233 | D:6      | Reached skill level 5 in Short Blades
  5452 | D:7      | Reached * piety under Okawaru
  5480 | D:7      | Found Xaog's General Store.
  5502 | D:7      | Bought a scroll of identify for 26 gold pieces
  5502 | D:7      | Bought a scroll of fear for 45 gold pieces
  5648 | D:7      | Reached XP level 9. HP: 35/40 MP: 16/19
  5670 | D:7      | Noticed Ymberto's ghost (novice DEEE)
  5992 | D:7      | Found a glowing golden altar of the Shining One.
  6051 | D:7      | Killed Ymberto's ghost
  6051 | D:7      | Reached ** piety under Okawaru
  6368 | D:8      | Reached *** piety under Okawaru
  6444 | D:8      | Lost mutation: You are frail. (-10% HP) [potion of mutation]
  6444 | D:8      | Gained mutation: You are partially covered in rugged brown scales. (AC +1, +3% HP) [potion of mutation]
  6444 | D:8      | Gained mutation: You possess an exceptional clarity of mind. [potion of mutation]
  6444 | D:8      | Gained mutation: Your mind is acute. (Int +2) [potion of mutation]
  6444 | D:8      | Gained mutation: You have a pair of small horns on your head. [potion of mutation]
  6459 | D:8      | Noticed a two-headed ogre
  6492 | D:8      | Killed a two-headed ogre
  6492 | D:8      | Reached **** piety under Okawaru
  6492 | D:8      | Reached skill level 10 in Stealth
  6492 | D:8      | Reached XP level 10. HP: 47/52 MP: 7/22
  6496 | D:8      | Reached skill level 5 in Fighting
  6502 | D:8      | Noticed a two-headed ogre
  6531 | D:8      | Killed a two-headed ogre
  6584 | D:8      | Noticed a two-headed ogre
  6590 | D:8      | Killed a two-headed ogre
  6769 | D:8      | Reached skill level 10 in Dodging
  6824 | D:8      | Found a snail-covered altar of Cheibriados.
  6825 | D:8      | Found a hazy altar of Hepliaklqana.
  6915 | D:8      | Reached ***** piety under Okawaru
  7146 | D:7      | Found a sparkling altar of Nemelex Xobeh.
  7168 | D:9      | Reached skill level 1 in Invocations
  7168 | D:9      | Reached skill level 1 in Evocations
  7195 | D:9      | Noticed Grum
  7270 | D:9      | Killed Grum
  7335 | D:9      | Noticed a cyclops
  7352 | D:9      | Killed a cyclops
  7474 | D:9      | Noticed Prince Ribbit
  7498 | D:9      | Killed Prince Ribbit
  7498 | D:9      | Reached XP level 11. HP: 57/57 MP: 10/24
  7569 | D:9      | Received a gift from Okawaru
  7584 | D:9      | Noticed a glowing orange brain
  8255 | D:9      | Found a shimmering altar of Xom.
  8355 | D:9      | Noticed a two-headed ogre
  8401 | D:9      | Learned a level 4 spell: Fulminant Prism
  8421 | D:9      | Killed a glowing orange brain
  8495 | D:9      | Got an encrusted cloak
  8501 | D:9      | Identified the cursed +0 cloak "Kemnythroega" {rF+ Str+3 Dex+4} (You found it on level 9 of the Dungeon)
  8762 | D:10     | Entered Level 10 of the Dungeon
  8802 | D:10     | Found Belipi's Food Shop.
  8835 | D:10     | Noticed a two-headed ogre
  8857 | D:10     | Killed a two-headed ogre
  9109 | D:10     | Found Faev's Distillery.
  9112 | D:10     | Bought a potion of degeneration for 14 gold pieces
  9153 | D:10     | Found a white marble altar of Elyvilon.
  9213 | D:10     | Found Totadech's Assorted Antiques.
  9220 | D:10     | Bought a ruby potion for 23 gold pieces
  9220 | D:10     | Bought a scroll labeled OGU PE JAYP for 26 gold pieces
  9275 | D:10     | Learned a level 2 spell: Passwall
  9334 | D:10     | Found Komeh's Jewellery Shoppe.
  9466 | D:10     | Found a sparkling altar of Nemelex Xobeh.
  9833 | D:11     | Found a staircase to the Lair.
  9836 | Lair:1   | Entered Level 1 of the Lair of Beasts
 10685 | D:10     | Got a brightly glowing long sword
 10841 | D:11     | Reached skill level 5 in Evocations
 10903 | D:11     | Found a staircase to the Orcish Mines.
 11075 | D:11     | Noticed a six-headed hydra
 11141 | D:11     | Killed a six-headed hydra
 11141 | D:11     | Reached XP level 12. HP: 63/63 MP: 6/26
 11183 | D:11     | Reached skill level 1 in Shields
 11342 | D:11     | Got a slimy shield
 11666 | Lair:2   | Identified the cursed +1 long sword "Nomoezei" {slice, rC+++ Str+4 Int-2 Dex+4} (You found it on level 10 of the Dungeon)
 12307 | Lair:2   | Received a gift from Okawaru
 12649 | Lair:2   | Reached skill level 10 in Hexes
 12713 | Lair:2   | Found a staircase to the Shoals.
 13265 | Lair:3   | Reached skill level 10 in Spellcasting
 13317 | Lair:3   | Noticed Gastronok
 13337 | Lair:3   | Killed Gastronok
 13466 | Lair:3   | Noticed a six-headed hydra
 13482 | Lair:3   | Killed a six-headed hydra
 13482 | Lair:3   | Received a gift from Okawaru
 14089 | Lair:4   | Reached XP level 13. HP: 69/69 MP: 19/28
 14365 | Lair:4   | Found a staircase to the Snake Pit.
 14777 | Lair:5   | Found a frozen archway.
 14945 | IceCv    | Entered an ice cave
 15607 | IceCv    | Noticed a reaper
 15637 | IceCv    | Killed a reaper
 15691 | IceCv    | HP: 1/69 [ice devil (4)]
 16891 | Lair:6   | Entered Level 6 of the Lair of Beasts
 16907 | Lair:6   | Reached skill level 10 in Short Blades
 17012 | Lair:6   | Reached ****** piety under Okawaru
 17111 | Lair:6   | Reached skill level 5 in Shields
 17275 | Lair:6   | Noticed an entropy weaver
 17287 | Lair:6   | Killed an entropy weaver
 17287 | Lair:6   | Received a gift from Okawaru
 17288 | Lair:6   | Got a heavy robe {god gift}
 17416 | Lair:6   | Identified the +2 robe "Louges" {rN+ Str+3} (Okawaru gifted it to you on level 6 of the Lair of Beasts)
 17751 | Lair:6   | Noticed an entropy weaver
 17885 | Lair:6   | Reached XP level 14. HP: 74/74 MP: 22/30
 17936 | Lair:6   | Found a staircase to the Slime Pits.
 18611 | Lair:5   | Killed an entropy weaver
 18857 | Lair:6   | Got a faintly glowing demon whip
 19565 | Lair:6   | Received a gift from Okawaru
 20263 | Lair:2   | Identified the +5 demon whip of the Sneaky Scars {elec, +Rage rN+ Str+2 Dex+3} (You found it on level 6 of the Lair of Beasts)
 20484 | D:12     | Reached skill level 1 in Transmutations
 20700 | D:12     | Found Ofyfogaw's Book Emporium.
 20718 | D:12     | Bought a book of the Sky for 715 gold pieces
 20724 | D:12     | Learned a level 5 spell: Silence
 20731 | D:12     | Learned a level 6 spell: Deflect Missiles
 21005 | D:12     | Reached skill level 1 in Air Magic
 21559 | D:12     | HP: 1/76 [deep elf annihilator/iron shot (30)]
 21572 | D:12     | Noticed a tengu reaver
 21605 | D:12     | Killed from afar by a tengu reaver

Skill      XL: |  1  2  3  4  5  6  7  8  9 10 11 12 13 14 |
---------------+-------------------------------------------+-----
Spellcasting   | 3 4 5 6 7 8 9 10 11 12 | 12.1
Stealth        | 5 6 7 8 10 11 12 13 14 | 14.8
Hexes          | 4 5 6 7 8 9 10 11 12 | 12.2
Fighting       | 1 2 3 4 5 6 7 8 |  8.7
Short Blades   | 2 3 4 5 6 7 8 9 10 | 10.0
Dodging        | 4 5 6 7 9 10 11 12 13 14 | 14.1
Invocations    | 1 4 |  4.3
Evocations     | 2 5 6 8 |  8.0
Shields        | 3 5 7 |  7.0
Transmutations | 1 |  1.8
Air Magic      | 2 |  2.9

Action                   |  1- 3 |  4- 6 |  7- 9 | 10-12 | 13-15 || total
-------------------------+-------+-------+-------+-------+-------++-------
Melee: Dagger            |    74 |   149 |   253 |   464 |   754 ||  1694
       Headbutt          |       |       |       |    80 |   162 ||   242
       Mace              |       |       |       |    26 |       ||    26
 Cast: Corona            |     4 |       |       |       |    18 ||    22
       Ensorcelled Hiber |    23 |    79 |    91 |   206 |   191 ||   590
       Confuse           |       |     8 |    39 |    78 |   190 ||   315
       Dazzling Spray    |       |     2 |     2 |    23 |    15 ||    42
       Fulminant Prism   |       |       |       |       |     2 ||     2
       Passwall          |       |       |       |       |     1 ||     1
Evoke: Wand              |       |       |     1 |       |       ||     1
  Use: Scroll            |       |       |    11 |    11 |     7 ||    29
       Potion            |       |       |     4 |     4 |     9 ||    17
 Stab: Sleeping          |    24 |    41 |    60 |   137 |   148 ||   410
       Distracted        |     1 |       |     2 |     2 |    11 ||    16
       Confused          |       |     8 |    26 |    47 |    88 ||   169
       Invisible         |       |       |     3 |    16 |    16 ||    35
  Eat: Royal jelly       |       |     1 |       |     4 |     1 ||     6
       Fruit             |       |     4 |       |     5 |     2 ||    11
       Bread ration      |       |       |     1 |       |       ||     1
Armor: Robe              |    13 |     6 |    19 |    45 |    46 ||   129
Dodge: Dodged            |    60 |   122 |   139 |   515 |   566 ||  1402
